 Dungeon Crawl Stone Soup version 0.28-a0-464-g0687ed57fd (webtiles) character file.

Game seed: 764355401496581957

229 Morbidden the Skirmisher (level 6, -5/48 HPs)
             Began as a Djinni Fighter on Sept 14, 2021.
             Slain by Duvessa (12 damage)
             ... on level 4 of the Dungeon.
             The game lasted 00:04:07 (4079 turns).

Morbidden the Skirmisher (Djinni Fighter)           Turns: 4079, Time: 00:04:07

Health: -5/48      AC:  7    Str: 16 (17) XL:     6   Next: 23%
Gold:   251        EV:  9    Int:  7 (9)  God:
                   SH:  4    Dex: 11 (13)

rFire   + + .      SeeInvis .   a - +0 war axe
rCold   x . .      Faith    .   c - +0 buckler
rNeg    . . .      Spirit   .   b - +0 scale mail
rPois   ∞          Reflect  .   (no helmet)
rElec   .          Harm     .   (no cloak)
rCorr   +          Rampage  .   (no gloves)
Will    .....                   (boots unavailable)
Stlth   ..........              (no amulet)
HPRegen 0.16/turn               e - ring of resist corrosion
MPRegen 0.00/turn               (no ring)

@: flying
A: sickness immunity, fire resistance 2, cold vulnerability 1, float, innate
caster, hp casting, extra vitality 1
a: no special abilities


You were on level 4 of the Dungeon.
You visited 1 branch of the dungeon, and saw 4 of its levels.

You collected 251 gold pieces.

Inventory:

Hand Weapons
 a - a +0 war axe (weapon)
Armour
 b - a +0 scale mail (worn)
 c - a +0 buckler (worn)
Jewellery
 e - a ring of resist corrosion (left hand)
Scrolls
 f - a scroll of fear {unknown}
 g - 4 scrolls of identify {unknown}
 i - a scroll of magic mapping {unknown}
 j - 2 scrolls of teleportation {unknown}
 l - 2 scrolls of blinking {unknown}
 n - 2 scrolls of enchant weapon {unknown}
 r - a scroll of enchant armour {unknown}
 s - a scroll of amnesia {unknown}
 t - a scroll of torment {unknown}
 u - a scroll of summoning {unknown}
Potions
 h - a potion of brilliance {unknown}
 k - 3 potions of curing
 m - a potion of cancellation
 o - a potion of heal wounds {unknown}
 p - a potion of degeneration
 q - a potion of mutation {unknown}


   Skills:
 * Level 4.3 Fighting
 + Level 2.8 Axes
 + Level 3.8 Armour
 + Level 0.6 Dodging
 + Level 3.1 Shields
 * Level 1.4 Spellcasting


You had 4 spell levels left.
You knew the following spells:

 Your Spells              Type           Power      Damage    Failure   Level
a - Searing Ray           Conj           4%         2d4       77%         2
b - Apportation           Tloc           4%         N/A       63%         1
Your spell library was empty.

Dungeon Overview and Level Annotations

Branches:
Dungeon (4/15)
 Temple: D:4-7

Altars:
Nemelex Xobeh
Sif Muna
Xom
Yredelemnul

Annotations:
D:4 Dowan, Duvessa


Innate Abilities, Weirdness & Mutations

You are immune to sickness and miasma.
You are immune to poison.
Your flesh is very heat resistant. (rF++)
You are vulnerable to cold. (rC-)
You float through the air rather than walking.
You learn spells naturally, not from books.
Your magical power is your life essence.
You have superior vitality. (+4 HP)


Message History

You barely miss Dowan. Duvessa completely misses you. You block Dowan's attack.
Duvessa hits you with a +1 short sword of speed.
Unknown command.
You barely miss Duvessa.
Duvessa is moderately wounded.
You slash Dowan!
Duvessa hits you with a +1 short sword of speed!
Dowan hits you with a +0 dagger.
Duvessa hits you with a +1 short sword of speed.
Unknown command.
You slash Duvessa!
Duvessa is severely wounded.
You hit Dowan. Dowan barely misses you.
Duvessa hits you with a +1 short sword of speed.
* * * LOW HITPOINT WARNING * * *
Duvessa hits you with a +1 short sword of speed.
* * * LOW HITPOINT WARNING * * *
Dowan casts a spell at you.
You are outlined in light.
Unknown command.
It was a potion of cancellation.
Your magical effects are unravelling.
You feel magically purged.
You feel a little less mighty now.
You are no longer glowing.
Duvessa hits you with a +1 short sword of speed.
* * * LOW HITPOINT WARNING * * *
Dowan hits you with a +0 dagger.
* * * LOW HITPOINT WARNING * * *
Unknown command.
Unknown command.
Unknown command.
Dowan says, "My weaknesses are her strengths!"
It was a potion of degeneration.
There was something very wrong with that liquid.
You feel weakened.
You feel dopey.
You feel clumsy.
Unknown command.
You feel better. Duvessa barely misses you.
Duvessa gestures with her weapon.
Duvessa hits you with a +1 short sword of speed!
You die...

##....##....## ##
#....>##.....# #.
#............######
#...........##...## ####
##...............## .....
#######.........##
......##....##...........
.......ee...##....##...##
.[.....#@...##....##...##
.......#..........#....'.
.......#..........#....##
.......#..........#....##
......##....##....#......
...... ###'###....#......
......##..........#......
...........##....###..##
...........##....#######


You could see Duvessa and Dowan.

Vanquished Creatures
  A hound (D:4)
  An iguana (D:4)
  4 gnolls (D:3)
  3 adders
  2 adder skeletons (D:4)
  2 worms
  3 dart slugs (D:2)
  4 orcs
  4 endoplasms
  6 giant cockroaches
  3 goblins
  8 hobgoblins
  11 jackals
  8 kobolds
  3 quokkas
  6 ball pythons
  8 bats
  5 rats
82 creatures vanquished.

Notes
Turn   | Place    | Note
-------+----------+-------------------------------------------
     0 | D:1      | Morbidden the Djinni Fighter began the quest for the Orb.
     0 | D:1      | Reached XP level 1. HP: 20/20 MP: 0/0
   104 | D:1      | Reached XP level 2. HP: 23/25 MP: 0/0
   338 | D:1      | You are sucked into a shaft and drop 1 floor!
   338 | D:2      | Found a faded altar of an unknown god.
   382 | D:2      | Reached XP level 3. HP: 25/30 MP: 0/0
   382 | D:2      | Learned a level 1 spell: Apportation
   871 | D:2      | Reached XP level 4. HP: 36/36 MP: 0/0
  2000 | D:3      | Reached skill level 1 in Spellcasting
  2260 | D:3      | Reached XP level 5. HP: 10/41 MP: 0/0
  2260 | D:3      | Learned a level 2 spell: Searing Ray
  2262 | D:3      | HP: 1/41 [kobold (5)]
  2596 | D:3      | Reached skill level 4 in Fighting
  3152 | D:4      | Noticed a black bear
  3330 | D:4      | Found a basalt altar of Yredelemnul.
  3609 | D:4      | Reached XP level 6. HP: 38/47 MP: 0/0
  3745 | D:4      | Found a shimmering altar of Xom.
  4029 | D:3      | Found a sparkling altar of Nemelex Xobeh.
  4067 | D:4      | Noticed Dowan
  4068 | D:4      | Noticed Duvessa
  4076 | D:4      | HP: 1/48 [Dowan (5)]
  4079 | D:4      | Slain by Duvessa

Illustrated notes

Levels and vault maps discovered:
D:1:      tarquinn_simple_flora_water_f, layout_basic
D:2:      layout_loops_ring, ebering_ecumenical_altar_mist, basic_altar,
          chequers_decorated_corner, minmay_fractal_squares_5
D:3:      layout_basic, nicolae_overflow_hidden_temple, hangedman_decor_growths
D:4:      layout_gridville, yredelemnul_altar_generic, old_standard_altar,
          uniq_duvessa

Skill      XL: |  1  2  3  4  5 |
---------------+----------------+-----
Axes           | 2 |  2.8
Spellcasting   | 1 |  1.4
Fighting       | 4 |  4.3
Armour         | |  3.8
Dodging        | |  0.6
Shields        | |  3.1

Action                   |  1- 3 |  4- 6 || total
-------------------------+-------+-------++-------
Melee: War axe           |    81 |   185 ||   266
  Use: Potion            |       |     4 ||     4
Armor: Scale mail        |    44 |   103 ||   147
Dodge: Dodged            |    64 |   110 ||   174
Block: Buckler           |    17 |    64 ||    81

Table legend: (Time is in decaauts)
 A = Elapsed time spent in this place.
 B = Non-inter-level travel time spent in this place.
 C = Inter-level travel time spent in this place.
 D = Time resting spent in this place.
 E = Time spent auto-exploring this place.
 F = Levels seen in this place.
 G = Mean time per level.
                   A        B        C        D        E       F      G
               +--------+--------+--------+--------+--------+-----+--------+
         Total |   4193 |   3999 |    194 |    358 |   2905 |   4 | 1048.2 |
       Dungeon |   4193 |   3999 |    194 |    358 |   2905 |   4 | 1048.2 |
               +--------+--------+--------+--------+--------+-----+--------+

Top non-repeatable levels by time:
     D:3: 1358 daAuts
     D:2: 977 daAuts
     D:1: 971 daAuts
     D:4: 886 daAuts
